[ AOE2 MATCH · #495931646 ]
UnrankedPoles vs Maya
Player's team · LOSS
Rival team · WIN
[ REPLAY ANALYSIS · EXTRACTED FROM THE RECORDED GAME ]
Feudal
8:59
Castle
22:17
Imperial
—
| APM avg | 45.2 |
| APM peak | 93 |
| eAPM avg | 27.7 |
| Villagers / military | 56 / 0 |
Focus
⚔️ 39.0% · 🌾 61.0%
Feudal
12:11
Castle
15:46
Imperial
—
| APM avg | 72.1 |
| APM peak | 112 |
| eAPM avg | 28.8 |
| Villagers / military | 83 / 24 |
Focus
⚔️ 35.6% · 🌾 64.4%
Archer ×8 · Militia ×5 · Monk ×4 · Battering Ram ×3 · Mangonel ×2 · Eagle Scout ×2
Match map
Initial resources + every placement click. Lines = walls · curves = elevation contours. ◆ gold · ⬟ stone · ● berries · ✦ relic · ◌ wall gap
Your base· Open — opponent sealed themselves in
NOC | komtan's base· ✓ Closed at 15:46 · 33t walls · no gate
Smoothed initial terrain · ◌ = detected wall gap · hover for details
Inputs per minute
— aLovingHusband - - NOC | komtan
Build order — aLovingHusband
128 actions detected in the replay
| 0:00 | Create | Villager (Male) |
| 0:01 | Create | Villager (Male) |
| 0:01 | Create | Villager (Male) |
| 0:01 | Create | Villager (Male) |
| 0:02 | Build | House |
| 0:03 | Build | House |
| 1:24 | Create | Villager (Male) |
| 1:56 | Create | Villager (Male) |
| 2:08 | Create | Villager (Male) |
| 2:08 | Create | Villager (Male) |
| 2:29 | Create | Villager (Male) |
| 2:29 | Create | Villager (Male) |
| 3:06 | Create | Villager (Male) |
| 3:13 | Build | Lumber Camp |
| 3:29 | Create | Villager (Male) |
| 3:29 | Create | Villager (Male) |
| 3:43 | Create | Villager (Male) |
| 3:43 | Create | Villager (Male) |
| 3:48 | Build | House |
| 4:50 | Build | Mill |
| 4:56 | Create | Villager (Male) |
| 5:23 | Research | Loom |
| 5:48 | Create | Villager (Male) |
| 6:16 | Create | Villager (Male) |
| 6:41 | Build | Palisade Wall |
| 6:41 | Build | Palisade Wall |
| 6:43 | Build | Palisade Wall |
| 6:49 | Research | Feudal Age |
| 6:50 | Research | Feudal Age |
| 7:15 | Create | Villager (Male) |
| 7:20 | Build | Palisade Wall |
| 7:28 | Build | Palisade Wall |
| 7:29 | Build | Palisade Wall |
| 7:39 | Build | Palisade Wall |
| 7:40 | Build | Palisade Wall |
| 8:14 | Build | Mining Camp |
| 8:14 | Create | Villager (Male) |
| 8:31 | Create | Villager (Male) |
| 8:37 | Build | Palisade Wall |
| 8:40 | Build | Palisade Wall |
| 8:46 | Build | Palisade Wall |
| 8:56 | Build | Palisade Wall |
| 8:57 | Create | Villager (Male) |
| 8:59 | Age | Feudal Age |
| 9:06 | Build | Watch Tower |
| 9:14 | Research | Double-Bit Axe |
| 9:16 | Research | Horse Collar |
| 9:20 | Research | Town Watch |
| 9:40 | Build | Palisade Wall |
| 9:49 | Create | Villager (Male) |
| 10:13 | Build | Watch Tower |
| 10:14 | Create | Villager (Male) |
| 10:33 | Build | Mill |
| 10:37 | Create | Villager (Male) |
| 10:37 | Create | Villager (Male) |
| 10:38 | Create | Villager (Male) |
| 11:02 | Build | House |
| 11:05 | Build | House |
| 11:06 | Create | Villager (Male) |
| 11:17 | Build | House |
| 11:19 | Build | Farm |
| 11:28 | Build | Farm |
| 11:31 | Build | Farm |
| 11:33 | Create | Villager (Male) |
| 11:33 | Create | Villager (Male) |
| 11:33 | Create | Villager (Male) |
| 11:51 | Create | Villager (Male) |
| 12:04 | Build | Watch Tower |
| 12:11 | Build | Farm |
| 12:14 | Build | House |
| 12:15 | Build | House |
| 12:39 | Create | Villager (Male) |
| 12:44 | Build | Farm |
| 12:46 | Build | Farm |
| 13:00 | Research | Wheelbarrow |
| 13:14 | Build | House |
| 13:23 | Create | Villager (Male) |
| 13:35 | Build | Farm |
| 13:35 | Build | Farm |
| 13:46 | Build | Palisade Wall |
| 14:05 | Create | Villager (Male) |
| 14:14 | Build | Palisade Wall |
| 14:51 | Build | Watch Tower |
| 14:59 | Build | Farm |
| 15:03 | Build | Farm |
| 15:03 | Create | Villager (Male) |
| 15:32 | Build | Watch Tower |
| 15:34 | Build | House |
| 15:58 | Create | Villager (Male) |
| 16:02 | Build | Blacksmith |
| 16:16 | Build | Palisade Wall |
| 16:39 | Build | Watch Tower |
| 16:51 | Create | Villager (Male) |
| 17:13 | Build | Watch Tower |
| 17:23 | Build | Market |
| 17:32 | Create | Villager (Male) |
| 17:33 | Create | Villager (Male) |
| 17:48 | Build | Lumber Camp |
| 18:14 | Research | Fletching |
| 18:15 | Create | Villager (Male) |
| 18:15 | Create | Villager (Male) |
| 18:24 | Build | Watch Tower |
| 18:51 | Create | Villager (Male) |
| 18:52 | Create | Villager (Male) |
| 18:52 | Create | Villager (Male) |
| 19:06 | Build | Watch Tower |
| 19:14 | Build | Watch Tower |
| 19:17 | Create | Villager (Male) |
| 19:30 | Research | Castle Age |
| 19:43 | Build | Farm |
| 19:44 | Build | Farm |
| 19:56 | Create | Villager (Male) |
| 22:17 | Age | Castle Age |
| 22:25 | Build | Castle |
| 22:29 | Build | Castle |
| 22:31 | Create | Villager (Male) |
| 22:31 | Create | Villager (Male) |
| 22:31 | Create | Villager (Male) |
| 22:31 | Create | Villager (Male) |
| 23:06 | Create | Villager (Male) |
| 23:25 | Build | Mining Camp |
| 23:40 | Create | Villager (Male) |
| 23:41 | Create | Villager (Male) |
| 23:48 | Research | Bodkin Arrow |
| 23:57 | Build | Farm |
| 24:33 | Build | Town Center |
| 24:46 | Create | Villager (Male) |
| 24:47 | Create | Villager (Male) |
Build order — NOC | komtan
First 150 of 196 actions detected
| 0:00 | Research | Loom |
| 0:02 | Build | House |
| 0:10 | Create | Villager (Male) |
| 0:17 | Create | Villager (Male) |
| 0:17 | Create | Villager (Male) |
| 1:23 | Create | Villager (Male) |
| 1:37 | Build | Lumber Camp |
| 1:50 | Build | House |
| 1:51 | Build | House |
| 1:59 | Create | Villager (Male) |
| 2:28 | Create | Villager (Male) |
| 2:42 | Create | Villager (Male) |
| 2:49 | Build | House |
| 3:14 | Create | Villager (Male) |
| 3:21 | Build | Palisade Wall |
| 3:43 | Create | Villager (Male) |
| 3:43 | Create | Villager (Male) |
| 4:03 | Create | Villager (Male) |
| 4:03 | Create | Villager (Male) |
| 4:23 | Create | Villager (Male) |
| 4:49 | Build | Barracks |
| 4:50 | Create | Villager (Male) |
| 5:13 | Create | Villager (Male) |
| 5:20 | Create | Villager (Male) |
| 5:22 | Build | House |
| 5:42 | Create | Militia |
| 5:42 | Create | Militia |
| 5:42 | Create | Militia |
| 5:49 | Build | Palisade Wall |
| 6:15 | Build | Palisade Wall |
| 6:16 | Create | Villager (Male) |
| 6:27 | Create | Villager (Male) |
| 6:44 | Build | Mill |
| 6:49 | Create | Villager (Male) |
| 6:49 | Create | Villager (Male) |
| 6:52 | Build | Palisade Wall |
| 7:08 | Create | Militia |
| 7:09 | Create | Militia |
| 7:10 | Create | Villager (Male) |
| 7:19 | Create | Villager (Male) |
| 7:22 | Create | Villager (Male) |
| 7:33 | Build | Palisade Wall |
| 7:48 | Build | Farm |
| 7:51 | Create | Villager (Male) |
| 7:51 | Create | Villager (Male) |
| 7:58 | Create | Villager (Male) |
| 8:23 | Create | Villager (Male) |
| 8:25 | Build | House |
| 8:45 | Create | Villager (Male) |
| 8:50 | Build | Palisade Wall |
| 9:32 | Create | Villager (Male) |
| 9:39 | Build | Mill |
| 9:46 | Build | Farm |
| 10:00 | Research | Feudal Age |
| 10:04 | Build | Mining Camp |
| 11:34 | Create | Villager (Male) |
| 11:35 | Create | Villager (Male) |
| 12:11 | Age | Feudal Age |
| 12:14 | Build | Archery Range |
| 12:17 | Build | Blacksmith |
| 12:52 | Build | House |
| 13:06 | Research | Castle Age |
| 13:18 | Create | Archer |
| 13:22 | Research | Double-Bit Axe |
| 13:48 | Build | House |
| 13:49 | Create | Eagle Scout |
| 13:56 | Create | Archer |
| 14:16 | Build | Palisade Wall |
| 14:21 | Create | Eagle Scout |
| 14:31 | Build | Farm |
| 14:42 | Build | Farm |
| 14:43 | Create | Archer |
| 15:05 | Build | House |
| 15:11 | Create | Villager (Male) |
| 15:21 | Build | House |
| 15:26 | Create | Archer |
| 15:46 | Age | Castle Age |
| 15:51 | Research | Horse Collar |
| 15:57 | Build | Town Center |
| 16:00 | Create | Villager (Male) |
| 16:08 | Research | Bow Saw |
| 16:09 | Create | Villager (Male) |
| 16:12 | Build | Farm |
| 16:28 | Create | Villager (Male) |
| 16:49 | Create | Villager (Male) |
| 16:52 | Build | Siege Workshop |
| 17:05 | Create | Villager (Male) |
| 17:06 | Create | Villager (Male) |
| 17:09 | Create | Villager (Male) |
| 17:16 | Create | Archer |
| 17:28 | Create | Villager (Male) |
| 17:28 | Create | Villager (Male) |
| 17:33 | Build | Farm |
| 17:34 | Create | Villager (Male) |
| 17:37 | Build | Farm |
| 17:40 | Create | Villager (Male) |
| 17:42 | Build | Farm |
| 17:44 | Create | Mangonel |
| 17:46 | Build | House |
| 17:59 | Create | Villager (Male) |
| 18:14 | Create | Battering Ram |
| 18:20 | Build | Farm |
| 18:22 | Create | Villager (Male) |
| 18:24 | Build | Farm |
| 18:36 | Create | Battering Ram |
| 18:49 | Create | Villager (Male) |
| 18:55 | Create | Archer |
| 19:00 | Build | Farm |
| 19:01 | Build | Farm |
| 19:09 | Create | Villager (Male) |
| 19:17 | Create | Mangonel |
| 19:21 | Create | Villager (Male) |
| 19:24 | Build | Farm |
| 19:24 | Build | Farm |
| 19:25 | Build | Farm |
| 19:25 | Build | Farm |
| 19:25 | Build | Farm |
| 19:30 | Build | House |
| 19:37 | Build | Monastery |
| 19:45 | Create | Archer |
| 19:46 | Create | Villager (Male) |
| 19:53 | Create | Villager (Male) |
| 19:53 | Create | Villager (Male) |
| 20:23 | Create | Villager (Male) |
| 20:24 | Create | Monk |
| 20:28 | Build | House |
| 20:29 | Create | Villager (Male) |
| 20:31 | Build | Farm |
| 20:33 | Create | Villager (Male) |
| 20:36 | Build | House |
| 20:38 | Build | Town Center |
| 20:50 | Create | Monk |
| 20:56 | Create | Villager (Male) |
| 20:58 | Build | Farm |
| 20:59 | Build | Farm |
| 20:59 | Build | Farm |
| 20:59 | Build | Farm |
| 20:59 | Build | Farm |
| 21:02 | Create | Villager (Male) |
| 21:09 | Create | Villager (Male) |
| 21:11 | Create | Villager (Male) |
| 21:25 | Build | House |
| 21:26 | Build | House |
| 21:37 | Create | Villager (Male) |
| 21:42 | Create | Monk |
| 21:43 | Create | Villager (Male) |
| 21:47 | Create | Villager (Male) |
| 21:48 | Create | Villager (Male) |
| 21:53 | Research | Fletching |
| 21:58 | Create | Battering Ram |
Match timeline
| 3:21 | NOC | komtan · wall_segment Palisade Wall x5 |
| 4:49 | NOC | komtan · first_building Barracks |
| 5:49 | NOC | komtan · wall_segment Palisade Wall x8 |
| 6:15 | NOC | komtan · wall_segment Palisade Wall x5 |
| 6:41 | aLovingHusband · wall_segment Palisade Wall x1 |
| 6:41 | aLovingHusband · wall_segment Palisade Wall x1 |
| 6:43 | aLovingHusband · wall_segment Palisade Wall x4 |
| 6:52 | NOC | komtan · wall_segment Palisade Wall x5 |
| 7:20 | aLovingHusband · wall_segment Palisade Wall x2 |
| 7:28 | aLovingHusband · wall_segment Palisade Wall x4 |
| 7:29 | aLovingHusband · wall_segment Palisade Wall x1 |
| 7:33 | NOC | komtan · wall_segment Palisade Wall x6 |
| 7:39 | aLovingHusband · wall_segment Palisade Wall x1 |
| 7:40 | aLovingHusband · wall_segment Palisade Wall x1 |
| 8:37 | aLovingHusband · wall_segment Palisade Wall x1 |
| 8:40 | aLovingHusband · wall_segment Palisade Wall x1 |
| 8:46 | aLovingHusband · wall_segment Palisade Wall x1 |
| 8:50 | NOC | komtan · wall_segment Palisade Wall x5 |
| 8:56 | aLovingHusband · wall_segment Palisade Wall x1 |
| 8:59 | aLovingHusband · age_up feudal |
| 9:40 | aLovingHusband · wall_segment Palisade Wall x1 |
| 12:11 | NOC | komtan · age_up feudal |
| 12:14 | NOC | komtan · first_building Archery Range |
| 13:46 | aLovingHusband · wall_segment Palisade Wall x13 |
| 14:14 | aLovingHusband · wall_segment Palisade Wall x17 |
| 14:16 | NOC | komtan · wall_segment Palisade Wall x1 |
| 15:46 | NOC | komtan · age_up castle |
| 16:16 | aLovingHusband · wall_segment Palisade Wall x6 |
| 16:52 | NOC | komtan · first_building Siege Workshop |
| 19:37 | NOC | komtan · first_building Monastery |
| 22:17 | aLovingHusband · age_up castle |
| 22:22 | aLovingHusband · first_market_buy 100 stone |
| 22:23 | aLovingHusband · first_market_sell 100 wood |
| 22:25 | aLovingHusband · first_building Castle |
| 25:15 | aLovingHusband · resign |
[ AI ANALYSIS · 1 CREDIT ]
What really happened in this match?
Wolo.gg analyzes every decision: build order, eco, micro, common mistakes by bracket. Personalized analysis on WhatsApp or Discord in 30 seconds.
Civ guide
Poles
Perfil
aLovingHusband